 Dungeon Crawl Stone Soup version 0.27-a0-1202-ge72e49191c (webtiles) character file.

Game seed: 6108174175689718443

116160 EldarEldrad the Devastator (level 16, -2/90 HPs)
             Began as a Deep Elf Fire Elementalist on June 2, 2021.
             Was a High Priest of Vehumet.
             Killed from afar by an eleionoma (13 damage)
             ... with a spray of wooden splinters
             ... on level 3 of the Swamp on June 3, 2021.
             The game lasted 02:37:44 (30372 turns).

EldarEldrad the Devastator (DEFE)                  Turns: 30372, Time: 02:37:44

Health: -2/90      AC:  9    Str:  5    XL:     16   Next: 20%
Magic:  2/46       EV: 20    Int: 34    God:    Vehumet [*****.]
Gold:   1185       SH:  5    Dex: 15    Spells: 8/45 levels left

rFire    + . .     SeeInvis .   X - staff of fire
rCold    x . .     Faith    .   (no shield)
rNeg     . . .     Spirit   .   w - +0 robe "Emujy" {+Blink rElec rC- Will+}
rPois    .         Reflect  +   M - +2 hat {Will+}
rElec    +         Harm     .   r - +2 cloak
rCorr    .         Rampage  .   x - +1 pair of gloves
Will     +++..                  (no boots)
Stlth    ++++......             W - amulet of reflection
HPRegen  0.25/turn              t - ring of magical power
MPRegen  0.30/turn              G - +6 ring of intelligence

@: no status effects
A: no striking features
a: Renounce Religion, Evoke Blink


You were on level 3 of the Swamp.
You worshipped Vehumet.
Vehumet was extremely pleased with you.
You visited 5 branches of the dungeon, and saw 24 of its levels.

You collected 3029 gold pieces.
You spent 1844 gold pieces at shops.

Inventory:

Missiles
 R - 8 atropa-tipped darts
Armour
 r - a +2 cloak (worn)
 w - the +0 robe "Emujy" (worn) {+Blink rElec rC- Will+}
   (You took it off an orc on level 5 of the Dungeon)

   It makes you vulnerable to cold.
   It insulates you from electricity.
   It lets you blink.
   It increases your willpower.
 x - a +1 pair of gloves (worn)
 M - a +2 hat of willpower (worn)
 Y - a +2 robe of cold resistance
Magical Staves
 U - a staff of conjuration
 X - a staff of fire (weapon)
Jewellery
 q - a ring of ice
 t - a ring of magical power (left hand)
 C - a +4 ring of evasion
 G - a +6 ring of intelligence (right hand)
 K - a ring of fire
 P - a ring of positive energy
 Q - a ring of resist corrosion
 V - a ring of willpower
 W - an amulet of reflection (around neck)
Wands
 f - a wand of charming (22)
 h - a wand of acid (11)
 y - a wand of iceblast (39)
 H - a wand of flame (14)
 T - a wand of paralysis (17)
Scrolls
 a - a scroll of torment
 c - a scroll of fear
 e - 6 scrolls of enchant armour
 j - 6 scrolls of vulnerability
 k - 9 scrolls of teleportation
 l - 3 scrolls of noise
 o - a scroll of silence {unknown}
 u - 7 scrolls of magic mapping
 v - 2 scrolls of summoning {unknown}
 A - 7 scrolls of immolation
 D - 2 scrolls of brand weapon
 L - a scroll of enchant weapon {unknown}
 N - 3 scrolls of amnesia
 O - 2 scrolls of fog
Potions
 b - 3 potions of invisibility
 d - 3 potions of flight
 g - a potion of cancellation
 i - 2 potions of resistance
 m - 3 potions of attraction
 n - 14 potions of curing
 p - 5 potions of mutation
 s - 4 potions of brilliance
 z - 3 potions of haste
 B - 2 potions of lignification
 E - 4 potions of might
 I - 2 potions of magic
 J - 5 potions of berserk rage
 S - 2 potions of degeneration


   Skills:
 * Level 6.9 Fighting
 - Level 15.0 Dodging
 - Level 10.0 Stealth
 - Level 15.0 Spellcasting
 - Level 15.0 Conjurations
 + Level 9.4 Translocations
 + Level 1.3 Transmutations
 - Level 15.0 Fire Magic


You had 8 spell levels left.
You knew the following spells:

 Your Spells              Type           Power      Damage    Failure   Level
a - Foxfire               Conj/Fire      100%       2x1d9     0%          1
b - Searing Ray           Conj           100%       3d7       0%          2
c - Conjure Flame         Conj/Fire      100%       6-21      0%          3
d - Sticky Flame          Conj/Fire      100%       2d11      1%          4
e - Fireball              Conj/Fire      56%        3d22      1%          5
f - Irradiate             Conj/Tmut      34%        3d25      1%          5
g - Passwall              Tmut/Erth      25%        N/A       1%          2
h - Starburst             Conj/Fire      56%        8x6d15    1%          6
i - Iskenderun's Mystic   Conj/Tloc      83%        2d16      1%          4
j - Bolt of Magma         Conj/Fire/Erth 48%        4d20      1%          5

Your spell library contained the following spells:

 Spells                   Type           Power      Damage    Failure   Level
 Magic Dart               Conj           100%       1d8       0%          1
 Beastly Appendage        Tmut           68%        N/A       1%          1
 Summon Small Mammal      Summ           100%       N/A       1%          1
 Poisonous Vapours        Pois/Air       50%        N/A       1%          2
 Wereblood                Tmut           34%        N/A       1%          2
 Dazzling Flash           Conj/Hex       100%       N/A       1%          3
 Ignite Poison            Fire/Tmut/Pois 76%        N/A       1%          3
 Inner Flame              Hex/Fire       86%        N/A       1%          3
 Mephitic Cloud           Conj/Pois/Air  56%        N/A       1%          3
 Fulminant Prism          Conj/Hex       33%        3d16      1%          4
 Call Imp                 Summ           25%        N/A       2%          2
 Spider Form              Tmut/Pois      15%        N/A       3%          3
 Call Canine Familiar     Summ           25%        N/A       4%          3
 Summon Guardian Golem    Hex/Summ       25%        N/A       4%          3
 Freezing Cloud           Conj/Ice/Air   28%        6-21      9%          6
 Ice Form                 Ice/Tmut       30%        N/A       12%         4
 Cause Fear               Hex            12%        N/A       16%         4
 Leda's Liquefaction      Hex/Erth       12%        N/A       16%         4
 Summon Ice Beast         Ice/Summ       25%        N/A       16%         4
 Summon Lightning Spire   Summ/Air       25%        N/A       16%         4
 Hydra Form               Tmut           17%        N/A       26%         5
 Summon Mana Viper        Hex/Summ       25%        N/A       41%         5


Dungeon Overview and Level Annotations

Branches:
Dungeon (12/15)            Temple (1/1) D:5            Lair (6/6) D:10
  Swamp (3/4) Lair:4        Snake (0/4) Lair:2        Slime (0/5) Lair:5
    Orc (2/2) D:9             Elf (0/3) Orc:2

Altars:
Ashenzari
Cheibriados
Dithmenos
Elyvilon
Fedhas
Gozag
Hepliaklqana
Kikubaaqudgha
Makhleb
Nemelex Xobeh
Okawaru
Qazlal
Ru
Sif Muna
Trog
Uskayaw
Vehumet
Wu Jian
Xom
Yredelemnul
Zin
The Shining One
Beogh

Shops:
D:1 (   D:12 (   Orc:2 ?(*(


Message History

Aiming: Bolt of Magma (mildly dangerous; 1% risk of failure)
Press: ? - help, Shift-Dir - straight line, f/p - eleionoma
Aim: an eleionoma (moderately wounded, 74% to hit)
You feel a surge of power!
The bolt of magma hits the eleionoma!!!
The eleionoma is severely wounded.
The eleionoma touches a tree and draws upon its vitality.
The eleionoma is healed.
You hit the eleionoma but do no damage. You burn the eleionoma!
The eleionoma is moderately wounded.
The eleionoma closely misses you.
You closely miss the eleionoma.
The eleionoma is moderately wounded.
The eleionoma closely misses you. The eleionoma misses you.
You hit the eleionoma. You burn the eleionoma!
The eleionoma is heavily wounded.
The eleionoma hurls a spray of splinters at you.
The spray of wooden splinters hits you!!!
* * * LOW HITPOINT WARNING * * *
Unknown command.
Okay, then.
Press: ? - help, v - describe, . - travel
Here: an eleionoma (heavily wounded)
The floor, spattered with blood.
Okay, then.
As you read the scroll of fear, it crumbles to dust.
You assume a fearsome visage.
The eleionoma resists with almost no effort.
The eleionoma completely misses you.
Press: ? - help, v - describe, . - travel
Here: an eleionoma (heavily wounded)
The floor, spattered with blood.
As you read the scroll of fear, it crumbles to dust.
You assume a fearsome visage.
The eleionoma looks frightened!
Cornered, the eleionoma turns to fight!
As you read the scroll of fear, it crumbles to dust.
You assume a fearsome visage.
The eleionoma resists with almost no effort.
The eleionoma hurls a spray of splinters at you.
The spray of wooden splinters hits you!
You die...

.≈§≈≈.§..≈≈.§....[.≈♣ ♣
♣.≈≈≈>≈≈♣.≈.≈.♣≈≈♣≈♣♣ ♣≈
♣≈≈.≈....≈§≈≈≈≈≈♣..♣ ♣♣. ..♣
♣≈.≈≈..♣≈≈≈..≈.≈≈.♣♣ ♣♣.≈ ..♣
♣♣..≈.....≈≈≈§♣≈≈..♣ ♣♣..≈ .R♣
♣♣.≈≈.≈≈≈.≈.≈.≈≈...♣♣♣♣≈.≈≈ ≈≈.
♣..≈≈≈≈♣≈≈≈≈≈≈≈≈≈♣.≈.≈≈≈≈≈≈ §)≈
♣♣♣...§≈.≈≈≈≈≈≈≈.≈≈.≈≈§≈.≈≈≈
≈†≈♣♣♣≈≈..♣♣≈♣♣.@.≈≈≈≈≈≈.≈≈≈≈.≈.≈
≈>)♣♣≈.†.♣♣♣♣♣♣R....≈.≈≈≈≈≈≈≈≈≈≈≈
♣.≈♣♣.≈.≈♣ ♣♣♣♣♣.§.≈.≈.≈.≈..≈♣
♣♣≈(≈≈≈≈♣♣ ♣♣≈<≈.§≈≈.≈.♣♣♣
♣≈.R≈≈♣♣ ♣♣♣♣.≈≈≈.≈≈.♣♣ ♣♣...≈≈♣
♣♣.....≈..≈ ♣♣.♣♣♣♣♣ ♣♣..♣♣♣♣..
.≈.♣ ♣.♣♣ ♣♣♣ ♣≈♣♣ ♣♣.♣


You could see an eleionoma.

Vanquished Creatures
  A tentacled monstrosity (Swamp:3)
  A thorn hunter (Swamp:3)
  Gastronok (Lair:2)
  The ghost of Yhosony the Tainter, a journeyman OpVM of Sif Muna (Lair:4)
  A bunyip (Swamp:2)
  A minotaur (Lair:5)
  Snorg (Orc:2)
  An ettin (Orc:1)
  2 eleionomae
  Fannar (D:11)
  Erolcha (D:11)
  20 hydras
  A boulder beetle (Lair:4)
  A merfolk avatar (Lair:6)
  5 alligators
  Erica (Lair:2)
  A catoblepas (Lair:6)
  2 ogre magi (Orc:2)
  10 two-headed ogres
  A death knight (D:11)
  5 death yaks
  A tengu warrior (D:11)
  Sonja (Lair:2)
  Nergalle (Lair:3)
  6 skeletal warriors
  2 sea snakes (Lair:6)
  A goliath frog (Swamp:2)
  2 deep trolls (Orc:2)
  A swamp dragon (Swamp:1)
  A spriggan druid (Swamp:2)
  3 orc knights (Orc:1)
  3 bog bodies
  A phantasmal warrior (D:11)
  An ugly thing (D:12)
  5 oklob plants
  4 will-o-the-wisps
  3 orc sorcerers
  A manticore (D:11)
  3 cyclopes (Orc:2)
  A slime creature (Lair:4)
  9 black mambas
  17 elephants
  Maurice (Orc:1)
  15 cane toads
  2 torpor snails
  5 rime drakes
  2 gargoyles (D:12)
  An unseen horror (D:12)
  A freezing wraith (D:11)
  15 komodo dragons
  2 kobold demonologists
  2 tengu conjurers
  11 trolls
  2 bloated husks
  3 polar bears
  A tyrant leech (Lair:4)
  11 hornets
  10 blink frogs
  4 dream sheep (Lair:4)
  A wind drake (Lair:6)
  2 shadows
  8 spriggans
  A wraith (D:12)
  A water elemental (D:11)
  7 wyverns
  42 yaks
  7 basilisks
  2 steam dragons (Lair:4)
  A naga (Lair:2)
  12 swamp worms
  A warg (Orc:1)
  18 water moccasins
  2 sky beasts (D:7)
  Purgy (D:4)
  3 black bears
  15 orc warriors
  19 ogres
  18 wolves
  2 necrophages
  A centaur (D:7)
  2 kobold brigands
  7 gnoll sergeants
  19 bullfrogs
  A wyvern zombie (D:8)
  A scorpion (D:5)
  14 killer bees
  4 wights
  An electric eel (D:11)
  A howler monkey (D:3)
  2 centaur zombies
  A bullfrog zombie (D:5)
  2 jellies
  15 orc priests
  8 hounds
  2 gnoll shamans
  22 orc wizards
  2 iguanas
  7 hell rats (Lair:6)
  3 howler monkey zombies
  23 gnolls
  8 adders
  An adder skeleton (D:4)
  A worm (D:2)
  49 orcs
  3 bats
  4 endoplasms
  4 giant cockroaches
  6 goblins
  2 hobgoblins
  8 jackals
  8 kobolds
  A quokka (D:3)
  7 ball pythons
  2 frilled lizards
  5 rats
624 creatures vanquished.

Vanquished Creatures (collateral kills)
  A foxfire (Lair:4)
1 creature vanquished.

Vanquished Creatures (others)
  815 foxfires
  46 fungi
  102 plants
963 creatures vanquished.

Grand Total: 1588 creatures vanquished

Notes
Turn   | Place    | Note
-------+----------+-------------------------------------------
     0 | D:1      | EldarEldrad the Deep Elf Fire Elementalist began the quest
                  | for the Orb.
     0 | D:1      | Reached XP level 1. HP: 10/10 MP: 6/6
   547 | D:1      | Reached XP level 2. HP: 15/15 MP: 5/8
   588 | D:1      | Found Gulo's Weapon Shoppe.
   809 | D:1      | Found a faded altar of an unknown god.
   944 | D:2      | Reached XP level 3. HP: 17/19 MP: 1/10
  1235 | D:2      | Learned a level 2 spell: Searing Ray
  1239 | D:2      | Learned a level 3 spell: Conjure Flame
  1259 | D:2      | Reached XP level 4. HP: 24/24 MP: 7/11
  1580 | D:2      | Reached XP level 5. HP: 28/28 MP: 9/13
  1848 | D:2      | Learned a level 4 spell: Sticky Flame
  3553 | D:4      | Reached XP level 6. HP: 32/32 MP: 12/15
  3895 | D:4      | Noticed Purgy
  3901 | D:4      | Killed Purgy
  3902 | D:4      | Reached skill level 5 in Spellcasting
  3902 | D:4      | Reached skill level 5 in Conjurations
  3908 | D:4      | Learned a level 5 spell: Fireball
  3996 | D:4      | Found a broken altar of Ashenzari.
  4146 | D:5      | Entered Level 5 of the Dungeon
  4181 | D:5      | Reached skill level 5 in Fire Magic
  4367 | D:5      | Found an ancient bone altar of Kikubaaqudgha.
  4443 | D:5      | Reached XP level 7. HP: 26/36 MP: 10/17
  4962 | D:5      | Noticed a two-headed ogre
  5253 | D:5      | Reached XP level 8. HP: 41/41 MP: 20/20
  5318 | D:5      | Identified the +0 robe "Emujy" {+Blink rElec rC- Will+}
  5995 | D:5      | Found a snail-covered altar of Cheibriados.
  5995 | D:5      | Found a sparkling altar of Nemelex Xobeh.
  6108 | D:5      | Found a staircase to the Ecumenical Temple.
  6114 | Temple   | Entered the Ecumenical Temple
  6351 | D:5      | Killed a two-headed ogre
  6553 | D:6      | Reached XP level 9. HP: 45/45 MP: 22/23
  7298 | D:7      | Found a blossoming altar of Fedhas.
  7960 | D:7      | Reached skill level 10 in Conjurations
  8454 | D:8      | Found a radiant altar of Vehumet.
  8479 | D:8      | Became a worshipper of Vehumet
  8519 | D:8      | Found an opulent altar of Gozag.
  8929 | D:8      | Found a hide-covered altar of Uskayaw.
  9524 | D:9      | Reached XP level 10. HP: 42/50 MP: 15/25
  9648 | D:9      | Reached * piety under Vehumet
  9648 | D:9      | Offered knowledge of Freeze by Vehumet.
  9715 | D:9      | Found Qimef's Magic Scroll Boutique.
  9724 | D:9      | Bought a scroll of teleportation for 45 gold pieces
  9724 | D:9      | Bought a scroll of identify for 30 gold pieces
  9724 | D:9      | Bought a scroll of noise for 15 gold pieces
  9724 | D:9      | Bought a scroll of fog for 30 gold pieces
  9732 | D:9      | Bought a scroll of brand weapon for 300 gold pieces
  9970 | D:9      | Found a staircase to the Orcish Mines.
 10011 | D:9      | Reached skill level 10 in Spellcasting
 10790 | D:10     | Entered Level 10 of the Dungeon
 10907 | D:10     | Found a staircase to the Lair.
 11107 | D:10     | Noticed a two-headed ogre
 11121 | D:10     | Killed a two-headed ogre
 11255 | D:10     | Reached ** piety under Vehumet
 11255 | D:10     | Offered knowledge of Sandblast by Vehumet.
 11640 | Lair:1   | Entered Level 1 of the Lair of Beasts
 11768 | Lair:1   | Reached XP level 11. HP: 54/54 MP: 28/28
 11795 | Lair:1   | Noticed a five-headed hydra
 11813 | Lair:1   | Killed a five-headed hydra
 11964 | D:10     | Reached skill level 5 in Dodging
 11964 | D:10     | Reached skill level 10 in Fire Magic
 12081 | Lair:1   | Offered knowledge of Frozen Ramparts by Vehumet.
 12451 | Lair:1   | Reached *** piety under Vehumet
 13044 | Lair:2   | Noticed Gastronok
 13049 | Lair:2   | Killed Gastronok
 13543 | Lair:2   | Reached XP level 12. HP: 46/59 MP: 19/30
 13728 | Lair:2   | Noticed Sonja
 13733 | Lair:1   | Offered knowledge of Ignite Poison by Vehumet.
 13836 | Lair:2   | Killed Sonja
 13914 | Lair:2   | Found a staircase to the Snake Pit.
 14279 | Lair:2   | Noticed Erica
 14282 | Lair:2   | Killed Erica
 14317 | Lair:2   | Identified the Disquisition on Execration and Shape
                  | Shifting
 14651 | Lair:3   | Noticed a six-headed hydra
 14656 | Lair:3   | Killed a six-headed hydra
 15248 | Lair:3   | Reached skill level 15 in Conjurations
 15251 | Lair:3   | Reached **** piety under Vehumet
 15265 | Lair:3   | Noticed Nergalle
 15321 | Lair:3   | Killed Nergalle
 15855 | Lair:4   | Noticed a six-headed hydra
 15862 | Lair:4   | Killed a six-headed hydra
 15867 | Lair:4   | Reached XP level 13. HP: 63/63 MP: 6/32
 16084 | Lair:4   | Offered knowledge of Lee's Rapid Deconstruction by Vehumet.
 16414 | Lair:4   | You fall into a shaft and drop 2 floors!
 16414 | Lair:6   | Entered Level 6 of the Lair of Beasts
 16427 | Lair:6   | Reached skill level 10 in Dodging
 17174 | Lair:4   | Reached ***** piety under Vehumet
 17174 | Lair:4   | Offered knowledge of Irradiate by Vehumet.
 17391 | Lair:4   | Learned a level 5 spell: Irradiate
 17409 | Lair:4   | Found a staircase to the Swamp.
 17644 | Lair:4   | Reached skill level 15 in Spellcasting
 18426 | Lair:5   | Found a staircase to the Slime Pits.
 18517 | Lair:5   | Identified the +4 war axe of the Establishment {freeze,
                  | Int+3 Stlth+}
 18548 | Lair:5   | Reached skill level 1 in Translocations
 18735 | Lair:5   | Found a runed translucent gate.
 18735 | Lair:5   | Found a runed translucent gate.
 18735 | Lair:5   | Found a runed translucent gate.
 18738 | Lair:5   | Noticed a minotaur
 19345 | Lair:5   | Noticed Yhosony's ghost (journeyman OpVM)
 19378 | Lair:5   | Killed a minotaur
 19379 | Lair:5   | Reached skill level 5 in Stealth
 19379 | Lair:5   | Reached XP level 14. HP: 49/68 MP: 24/35
 19595 | Lair:4   | Killed Yhosony's ghost
 20502 | Lair:5   | Offered knowledge of Ozocubu's Refrigeration by Vehumet.
 20650 | Lair:6   | Learned a level 2 spell: Passwall
 21457 | Lair:6   | Reached skill level 5 in Translocations
 21856 | Lair:6   | Reached skill level 15 in Fire Magic
 22194 | Lair:6   | Identified the +10 plate armour of Faxox {rPois rF- Int+4}
 22349 | D:9      | Bought a scroll of fear for 52 gold pieces
 22349 | D:9      | Bought a scroll of acquirement for 780 gold pieces
 22349 | D:9      | Bought a scroll of fear for 52 gold pieces
 22349 | D:9      | Acquired a staff of fire
 22570 | D:11     | Noticed Fannar
 22905 | D:11     | Killed Fannar
 22993 | D:11     | Noticed Erolcha
 22995 | D:11     | Killed Erolcha
 23512 | Orc:1    | Entered Level 1 of the Orcish Mines
 23670 | Orc:1    | Reached XP level 15. HP: 69/72 MP: 32/36
 23970 | Orc:1    | Noticed Maurice
 23972 | Orc:1    | Killed Maurice
 24483 | Orc:2    | Entered Level 2 of the Orcish Mines
 24496 | Orc:2    | Reached skill level 10 in Stealth
 24696 | Orc:2    | Reached skill level 1 in Fighting
 25632 | Orc:2    | Offered knowledge of Starburst by Vehumet.
 25640 | Orc:2    | Learned a level 6 spell: Starburst
 25841 | Orc:2    | Found a staircase to the Elven Halls.
 25911 | Orc:2    | Noticed Snorg
 25915 | Orc:2    | Killed Snorg
 25999 | Orc:2    | Found Pycoyl's Weapon Emporium.
 26003 | Orc:2    | Found Iridyu's General Store.
 26004 | Orc:2    | Found Ewicae's Weapon Shoppe.
 26005 | Orc:2    | Found Imisokop's Magic Scroll Boutique.
 26018 | Orc:2    | Bought a scroll of identify for 24 gold pieces
 26018 | Orc:2    | Bought a scroll of identify for 24 gold pieces
 26018 | Orc:2    | Bought a scroll of teleportation for 36 gold pieces
 26018 | Orc:2    | Bought a scroll of amnesia for 42 gold pieces
 26018 | Orc:2    | Bought a scroll of teleportation for 36 gold pieces
 26018 | Orc:2    | Bought a scroll of enchant armour for 90 gold pieces
 26025 | Orc:2    | Bought a scroll of torment for 82 gold pieces
 26205 | Orc:2    | Bought a scroll of magic mapping for 42 gold pieces
 26333 | D:9      | Bought a scroll of enchant armour for 112 gold pieces
 26333 | D:9      | Bought a scroll of magic mapping for 52 gold pieces
 27080 | D:12     | Found Riub's Weapon Shop.
 27693 | D:12     | Learned a level 4 spell: Iskenderun's Mystic Blast
 27856 | Swamp:1  | Entered Level 1 of the Swamp
 27880 | Swamp:1  | Reached skill level 5 in Fighting
 28419 | Swamp:1  | Found a broken altar of Ashenzari.
 29439 | Swamp:2  | Reached XP level 16. HP: 90/90 MP: 30/37
 29878 | Swamp:3  | Noticed a tentacled monstrosity
 29969 | Swamp:3  | Offered knowledge of Bolt of Magma by Vehumet.
 29976 | Swamp:3  | Learned a level 5 spell: Bolt of Magma
 30065 | Swamp:3  | Killed a tentacled monstrosity
 30256 | Swamp:3  | Reached skill level 15 in Dodging
 30323 | Swamp:3  | Noticed a thorn hunter
 30326 | Swamp:3  | Killed a thorn hunter
 30327 | Swamp:3  | Reached skill level 1 in Transmutations
 30372 | Swamp:3  | Killed from afar by an eleionoma

Illustrated notes

Levels and vault maps discovered:
D:1:      scummos_arrival_gate, layout_basic, chequers_ecumenical_altar_grove,
          serial_shops, nicolae_shop_behind_doors
D:2:      cheibrodos_pilgrimage, layout_basic
D:3:      layout_loops_ring
D:4:      layout_layer_cave, nicolae_overflow_crystal_walls, uniq_purgy
D:5:      layout_cave_pools, general_overflow_altar,
          chequers_temple_overflow_statue_of_worship,
          minmay_temple_entry_glassed_door, serial_gnoll_camp,
          gnoll_camp_mini_basic, gnoll_camp_huts_basic, gnoll_camp_mini_hut,
          gnoll_camp_mini_house, grunt_decor_arrowhead
D:6:      layout_basic
D:7:      layout_layer_cave, amcnicky_altar_gilded
D:8:      layout_basic, nicolae_gozag_seed_capital, nicolae_vehumet_radiance,
          kennysheep_mini
D:9:      layout_cave_pods, minmay_orc_entry_temple_large, serial_shops,
          nicolae_shop_competitors_out_of_business, st_stairs_8
D:10:     layout_cave_pools, lair_entry_dummy, eino_jars
D:11:     layout_loops_ring, serial_bayou_ford_a, uniq_fannar, uniq_erolcha
D:12:     layout_roguey, serial_shops, shop
Temple:   eino_temple_water
Lair:1:   layout_chaotic_city, beast_lair_carwin_9
Lair:2:   layout_regular_city, guppyfry_snake_entry_island, uniq_erica,
          uniq_gastronok, uniq_sonja
Lair:3:   dpeg_oklob_gauntlet, layout_misc_corridors, uniq_nergalle
Lair:4:   nzn_winding_woodlands_small [nzn_winding_woodlands_5x15_zeroes,
          nzn_winding_woodlands_center_pierced_h,
          nzn_winding_woodlands_5x15_pathside_ponds], layout_cellular_growth,
          palyth_hydra_swamp_entry
Lair:5:   layout_regular_city, minmay_slime_entry_pillars,
          maelrawn_ghost_gauntlet_escape, minmay_lair_oklob_chamber
Lair:6:   gammafunk_lair_ancient_temple, layout_hall_layers, wad_woods_road_06
Swamp:1:  layout_falls_marsh, serial_swamp_ruin, evilmike_swamp_ruin_house_3,
          evilmike_swamp_ruin_house_1, evilmike_swamp_ruin_rubble_2,
          swamp_pool2, nicolae_swamp_feature_on_the_river_bank
Swamp:2:  layout_falls_marsh, hangedman_swamp_pad
Swamp:3:  layout_falls_marsh, hangedman_swamp_ruin_wall
Orc:1:    layout_caves, uniq_maurice
Orc:2:    st_orc_open, layout_diamond_mine, uniq_snorg

Skill      XL: |  1  2  3  4  5  6  7  8  9 10 11 12 13 14 15 16 |
---------------+-------------------------------------------------+-----
Conjurations   | 2 3 4 5 7 9 11 12 14 15 | 15.0
Spellcasting   | 4 5 6 8 9 11 12 13 15 | 15.0
Fire Magic     | 4 5 6 7 8 9 10 12 13 15 | 15.0
Dodging        | 4 6 9 11 13 14 15 | 15.0
Stealth        | 5 9 10 | 10.0
Translocations | 2 6 9 |  9.4
Fighting       | 6 |  6.9
Transmutations | 1 |  1.3

Action                   |  1- 3 |  4- 6 |  7- 9 | 10-12 | 13-15 | 16-18 || total
-------------------------+-------+-------+-------+-------+-------+-------++-------
Melee: Dagger            |       |     1 |     4 |     8 |       |       ||    13
       Staff             |       |       |       |       |     1 |     3 ||     4
 Cast: Foxfire           |    32 |   100 |   210 |    79 |    64 |       ||   485
       Searing Ray       |       |     4 |    21 |    42 |    31 |     4 ||   102
       Fireball          |       |     1 |    10 |   131 |   420 |    33 ||   595
       Conjure Flame     |       |       |     2 |     5 |     4 |       ||    11
       Irradiate         |       |       |       |       |     7 |     2 ||     9
       Starburst         |       |       |       |       |     1 |       ||     1
       Bolt of Magma     |       |       |       |       |       |     4 ||     4
Evoke: Wand              |       |       |       |     1 |       |       ||     1
  Use: Scroll            |       |       |    10 |     8 |    12 |     3 ||    33
       Potion            |       |       |       |       |     3 |     1 ||     4
Armor: Robe              |     1 |     2 |     3 |    20 |    21 |     2 ||    49
Dodge: Dodged            |     2 |     8 |    24 |    50 |    81 |     9 ||   174
Block: Other             |       |       |       |       |     4 |     3 ||     7

Table legend: (Time is in decaauts)
 A = Elapsed time spent in this place.
 B = Non-inter-level travel time spent in this place.
 C = Inter-level travel time spent in this place.
 D = Time resting spent in this place.
 E = Time spent auto-exploring this place.
 F = Levels seen in this place.
 G = Mean time per level.
                   A        B        C        D        E       F      G
               +--------+--------+--------+--------+--------+-----+--------+
         Total |  30612 |  28856 |   1756 |  10459 |  13742 |  24 | 1275.5 |
       Dungeon |  14457 |  13721 |    736 |   4069 |   7536 |  12 | 1204.8 |
        Temple |    218 |    204 |     14 |      0 |    203 |   1 |  218.0 |
          Lair |  10665 |   9884 |    781 |   4207 |   3903 |   6 | 1777.5 |
         Swamp |   2672 |   2612 |     60 |   1043 |   1219 |   3 |  890.7 |
  Orcish Mines |   2598 |   2434 |    164 |   1140 |    880 |   2 | 1299.0 |
               +--------+--------+--------+--------+--------+-----+--------+

Top non-repeatable levels by time:
  Lair:4: 2573 daAuts
  Lair:5: 2141 daAuts
     D:5: 2031 daAuts
     D:9: 1743 daAuts
  Lair:6: 1664 daAuts
  Lair:1: 1621 daAuts
   Orc:2: 1467 daAuts
  Lair:2: 1454 daAuts
 Swamp:1: 1286 daAuts
     D:7: 1266 daAuts
    D:10: 1262 daAuts
  Lair:3: 1208 daAuts
    D:12: 1165 daAuts
     D:1: 1152 daAuts
     D:2: 1147 daAuts
